 Dungeon Crawl Stone Soup version 0.27.0-1-g7a089689b8 (webtiles) character file.

Game seed: 13218640113689007577

5655 dolemite99 the Cruncher (level 10, -6/60 HPs)
             Began as a Demonspawn Gladiator on Aug 7, 2021.
             Was an Elder of Hepliaklqana.
             Mangled by a cyclops (23 damage)
             ... on level 8 of the Dungeon.
             The game lasted 00:09:39 (6761 turns).

dolemite99 the Cruncher (Demonspawn Gladiator)      Turns: 6761, Time: 00:09:40

Health: -6/60      AC: 12    Str: 17    XL:     10   Next: 46%
Magic:  10/10      EV: 12    Int: 11    God:    Hepliaklqana [****..]
Gold:   278        SH:  0    Dex: 14    Spells: 9/9 levels left

rFire    . . .     SeeInvis .   a - +7 lajatang (spect)
rCold    . . .     Faith    .   (shield currently unavailable)
rNeg     . . .     Spirit   .   q - +0 chain mail
rPois    .         Reflect  .   (helmet restricted)
rElec    .         Harm     .   r - +2 cloak
rCorr    .         Rampage  .   (no gloves)
Will     .....                  (no boots)
Stlth    ..........             (no amulet)
HPRegen  0.20/turn              y - +4 ring of evasion
MPRegen  0.12/turn              (no ring)

@: no status effects
A: reduced essence, claws 1, hooves 2, horns 2, powered by death 1
a: Renounce Religion, Recall Ancestor, Ancestor Identity, Transference, Idealise


You were on level 8 of the Dungeon.
You worshipped Hepliaklqana.
Hepliaklqana was greatly pleased with you.
You visited 1 branch of the dungeon, and saw 8 of its levels.

You collected 368 gold pieces.
You spent 90 gold pieces at shops.

Inventory:

Hand Weapons
 a - a +7 spectral lajatang (weapon)
 b - a +0 hand crossbow
 c - a +0 quarterstaff
 s - a +1 mace of draining
Missiles
 d - 5 throwing nets (quivered)
 f - 34 poisoned darts
 j - 87 bolts
 m - 197 stones
 o - 22 sling bullets
Armour
 q - a +0 chain mail (worn)
 r - a +2 cloak (worn)
 E - +0 steam dragon scales
Jewellery
 y - a +4 ring of evasion (left claw)
 F - a ring of flight
 I - a +6 ring of intelligence
Wands
 C - a wand of digging (4)
 D - a wand of charming (10)
 H - a wand of flame (13)
Scrolls
 h - a scroll of fear
 k - 3 scrolls of immolation
 l - 2 scrolls of summoning
 n - a scroll of amnesia {unknown}
 t - a scroll of enchant weapon {unknown}
 u - a scroll of brand weapon {unknown}
 v - 2 scrolls of identify {@r1}
 A - a scroll of torment {unknown}
 B - a scroll of enchant armour
 G - 2 scrolls of noise {unknown}
Potions
 e - 2 potions of invisibility {unknown}
 g - a potion of flight
 i - a potion of brilliance {unknown}
 p - 4 potions of curing
 w - 2 potions of magic {unknown}
 x - a potion of might {unknown}
 z - a potion of attraction {unknown}


   Skills:
 - Level 2.0 Fighting
 - Level 13.5 Staves
 - Level 1.7 Throwing
 + Level 3.2 Armour
 - Level 3.5 Dodging


You had 9 spell levels left.
You didn't know any spells.
Your spell library contained the following spells:

 Spells                   Type           Power      Damage    Failure   Level
 Summon Small Mammal      Summ           0%         N/A       99%         1
 Static Discharge         Conj/Air       0%         N/A       100%        2
 Call Canine Familiar     Summ           0%         N/A       100%        3
 Conjure Flame            Conj/Fire      0%         6-21      100%        3
 Gell's Gravitas          Tloc           0%         N/A       100%        3
 Ignite Poison            Fire/Tmut/Pois 0%         N/A       100%        3
 Lesser Beckoning         Tloc           0%         N/A       100%        3
 Summon Guardian Golem    Hex/Summ       0%         N/A       100%        3
 Teleport Other           Tloc           0%         N/A       100%        3
 Dispel Undead            Necr           0%         3d6       100%        4
 Sticky Flame             Conj/Fire      0%         2d3       100%        4


Dungeon Overview and Level Annotations

Branches:
Dungeon (8/15)             Temple (0/1) D:5
   Lair: D:8-11

Altars:
Elyvilon
Hepliaklqana
The Shining One

Shops:
D:2 [   D:3 ?   D:4 [(:(?   D:7 !


Innate Abilities, Weirdness & Mutations

Your life essence is reduced to manifest your ancestor. (-10% HP)
You have sharp fingernails.
You have hoof-like feet.
You have a pair of horns on your head.
You regenerate a little health from kills.


Message History

The tengu warrior claws you but does no damage.
You feel a bond with your your +7 spectral lajatang.
a - a +7 spectral lajatang (weapon)
The tengu warrior hits you with a +1 long sword.
The tengu warrior pecks you but does no damage.
The tengu warrior barely misses you.
You slash the tengu warrior! Your headbutt misses the tengu warrior.
The tengu warrior is severely wounded.
Your spectral +7 spectral lajatang barely misses the tengu warrior.
You closely miss the tengu warrior. Your kick misses the tengu warrior.
The tengu warrior is severely wounded.
Your spectral +7 spectral lajatang hits the tengu warrior!!
You kill the tengu warrior!
Your Armour skill gained 3 levels and is now at level 3!
You start resting.
You start resting.
Sextus emerges from the mists of memory!
You start resting.
A cyclops comes into view.
A cyclops is nearby!
A cyclops is nearby!
A cyclops is nearby!
b - a +0 hand crossbow (weapon)
Items here: ))) [[[ ÷ †.
You start resting.
A cyclops is nearby!
You feel a bond with your your +7 spectral lajatang.
a - a +7 spectral lajatang (weapon)
You swap places.
The cyclops hits you!!
* * * LOW HITPOINT WARNING * * *
You slash the cyclops!
The cyclops is lightly wounded.
The cyclops misses you.
You completely miss the cyclops.
The cyclops is lightly wounded.
You completely miss the cyclops. You kick the cyclops, but do no damage.
You headbutt the cyclops, but do no damage.
The cyclops is lightly wounded.
The cyclops hits you!!
You die...

.zo. ##.## ##. #.....#
#... ##.... ..## #....
# ##..# ..## .....
#.#.)#######..#......
#.#.)#.)).)#..#......
#...#C)))()(#........
#..#R@#..)..#.)#......
#..#..#######..# .....
#. ##..#.#.#..### ....
.. ##.......##.## ...
.# ##.....##...## ..
#..###.###.....###.
#......)..#.#.....
#######.###.##.###
........# #.......


You could see the friendly Sextus the knight and a cyclops (ally target).

Vanquished Creatures
  2 centaur warriors (D:8)
  A tengu warrior (D:8)
  A meliai (shapeshifter) (D:8)
  A steam dragon (D:8)
  A water moccasin (D:8)
  Duvessa (D:6)
  An orc warrior (D:8)
  3 black bears
  2 centaurs
  3 ogres
  A bullfrog (D:7)
  Dowan (D:6)
  A water moccasin skeleton (D:6)
  5 wights
  A bullfrog zombie (D:6)
  3 hounds
  3 orc priests
  A centaur zombie (D:7)
  A gnoll shaman (D:8)
  A jelly (D:5)
  2 bullfrog skeletons (D:6)
  An iguana (D:7)
  4 orc wizards
  2 killer bee zombies
  5 gnolls
  3 adders
  2 howler monkey skeletons
  A shadow imp (D:7)
  A white imp (D:6)
  An adder skeleton (D:2)
  4 dart slugs
  10 orcs
  3 ball pythons (D:1)
  A bat (D:6)
  6 endoplasms
  A giant cockroach (D:1)
  4 goblins
  6 hobgoblins
  6 jackals
  2 quokkas (D:2)
  A ball python zombie (D:2)
  A frilled lizard (D:1)
  2 giant cockroach zombies (D:2)
  4 kobolds
  4 rats
111 creatures vanquished.

Vanquished Creatures (collateral kills)
  Maggie (D:6)
  Sigmund (D:5)
  A steam dragon (D:7)
  An orc warrior (D:5)
  A black bear (D:6)
  A phantom (D:5)
  A bullfrog (D:8)
  A scorpion (D:5)
  A wight (D:8)
  2 howler monkeys (D:8)
  A centaur zombie (D:5)
  A jelly (D:5)
  An orc priest (D:5)
  An iguana (D:5)
  An orc wizard (D:8)
  A scorpion zombie (D:4)
  A hound skeleton (D:4)
  2 gnolls
  An adder (D:4)
  5 orcs
  A bat skeleton (D:2)
  An endoplasm (D:4)
  A goblin (D:4)
  2 hobgoblins
  2 jackals (D:4)
  2 ball pythons
  A kobold (D:3)
  A quokka skeleton (D:2)
  A rat (D:2)
38 creatures vanquished.

Vanquished Creatures (others)
  An orc (D:7)
  An ancestor (D:2)
  3 knights
5 creatures vanquished.

Grand Total: 154 creatures vanquished

Notes
Turn   | Place    | Note
-------+----------+-------------------------------------------
     0 | D:1      | dolemite99 the Demonspawn Gladiator began the quest for the
                  | Orb.
     0 | D:1      | Reached XP level 1. HP: 16/16 MP: 1/1
    60 | D:1      | Reached skill level 3 in Staves
   192 | D:1      | Gained mutation: You regenerate a little health from kills.
                  | [demonic ancestry]
   192 | D:1      | Reached XP level 2. HP: 22/22 MP: 2/2
   617 | D:1      | Found a faded altar of an unknown god.
   753 | D:1      | Became a worshipper of Hepliaklqana the Forgotten
   753 | D:1      | Reached * piety under Hepliaklqana
   823 | D:2      | Found Foalobb's Antique Armour Shop.
   898 | D:2      | Reached XP level 3. HP: 22/24 MP: 3/3
   957 | D:2      | Reached skill level 4 in Staves
  1409 | D:2      | Reached ** piety under Hepliaklqana
  1420 | D:2      | Remembered your ancestor Sextus as a knight
  1720 | D:3      | Found Nycuing's Magic Scroll Emporium.
  1732 | D:3      | Bought a scroll of identify for 20 gold pieces
  2284 | D:3      | Gained mutation: You have sharp fingernails. [demonic
                  | ancestry]
  2284 | D:3      | Reached XP level 4. HP: 29/29 MP: 2/4
  2453 | D:3      | Reached skill level 5 in Staves
  2601 | D:4      | Gained mutation: You have large cloven feet. [demonic
                  | ancestry]
  2601 | D:4      | Reached XP level 5. HP: 34/34 MP: 2/5
  2636 | D:4      | Found Jauf's Weapon Shoppe.
  2677 | D:4      | Bought a +0 hand crossbow for 42 gold pieces
  2713 | D:4      | Found a hazy altar of Hepliaklqana.
  2723 | D:4      | Found Doecs's Magic Scroll Emporium.
  2745 | D:4      | Bought a scroll of identify for 28 gold pieces
  2845 | D:4      | Reached skill level 6 in Staves
  2848 | D:4      | Found Kaohadirgh's Antique Armour Shop.
  2857 | D:4      | Found Punerr's Antique Weapon Boutique.
  3034 | D:4      | Found Laloorui's Book Shoppe.
  3139 | D:5      | Entered Level 5 of the Dungeon
  3159 | D:5      | Gained mutation: You have a pair of small horns on your
                  | head. [demonic ancestry]
  3159 | D:5      | Reached XP level 6. HP: 39/39 MP: 6/6
  3228 | D:5      | Reached skill level 7 in Staves
  3272 | D:5      | Found a staircase to the Ecumenical Temple.
  3312 | D:5      | Gained mutation: You have a pair of horns on your head.
                  | [demonic ancestry]
  3312 | D:5      | Reached XP level 7. HP: 42/45 MP: 7/7
  3379 | D:5      | Reached skill level 8 in Staves
  3536 | D:5      | Reached *** piety under Hepliaklqana
  3724 | D:5      | Noticed Sigmund
  3994 | D:5      | Killed Sigmund
  4273 | D:6      | Reached skill level 9 in Staves
  4273 | D:6      | Gained mutation: You have hoof-like feet. [demonic
                  | ancestry]
  4273 | D:6      | Reached XP level 8. HP: 50/50 MP: 8/8
  4328 | D:6      | Identified a scroll of acquirement
  4328 | D:6      | Acquired a +7 spectral lajatang
  4389 | D:6      | Noticed Dowan
  4390 | D:6      | Noticed Duvessa
  4394 | D:6      | Killed Duvessa
  4395 | D:6      | Killed Dowan
  4661 | D:6      | Reached skill level 10 in Staves
  5243 | D:6      | Noticed Maggie
  5261 | D:6      | Killed Maggie
  5262 | D:6      | Reached skill level 11 in Staves
  5262 | D:6      | Reached XP level 9. HP: 20/54 MP: 9/9
  5683 | D:7      | Found Puelie's Distillery.
  5712 | D:7      | Identified the +0 plate armour of the Big Bang {rF+ rC++
                  | Int+2}
  5882 | D:7      | Reached **** piety under Hepliaklqana
  6499 | D:8      | Reached skill level 12 in Staves
  6571 | D:8      | Identified the +11 arbalest "Conservator" {elec, rC+ rCorr
                  | Dex+2 SInv}
  6575 | D:8      | Identified the ring "Iromerev" {rC+ MP+9}
  6595 | D:8      | Noticed a centaur warrior
  6603 | D:8      | Killed a centaur warrior
  6604 | D:8      | Reached skill level 13 in Staves
  6604 | D:8      | Reached XP level 10. HP: 47/60 MP: 10/10
  6640 | D:8      | Noticed a centaur warrior
  6644 | D:8      | Killed a centaur warrior
  6659 | D:8      | Noticed a tengu warrior
  6683 | D:8      | Killed a tengu warrior
  6745 | D:8      | Noticed a cyclops
  6761 | D:8      | Mangled by a cyclops

Illustrated notes

Levels and vault maps discovered:
D:1:      lightli_arrival_quake, layout_rooms, shapermc_ecumenical_altar_pompeii
D:2:      layout_loops_ring, serial_undead, serial_undead_e, serial_undead_a,
          serial_undead_d, serial_undead_c, serial_shops, shop_fountains
D:3:      layout_basic, serial_shops, shop
D:4:      layout_cave_pools, mainiacjoe_overflow_tiny_flanked,
          chequers_temple_overflow_statue_of_worship, serial_shops,
          nicolae_shop_behind_doors, nicolae_shop_waterfront, shop_statue, shop,
          shop
D:5:      layout_cave_pools, temple_statues, sigmund_army
D:6:      layout_gridville, uniq_duvessa, uniq_maggie
D:7:      layout_loops_ring, serial_shops, shop, minmay_misc_feat_nine_boxes
D:8:      minmay_the_grid_octo_2x2 [minmay_the_grid_octo_empty,
          minmay_the_grid_octo_chip, minmay_the_grid_octo_empty,
          minmay_the_grid_octo_prize_star], layout_loops_ring,
          grunt_temple_overflow_open, serial_shops, shop, corner_web_ring,
          kennysheep_generic_room_16

Skill      XL: |  1  2  3  4  5  6  7  8  9 10 |
---------------+-------------------------------+-----
Staves         | 3 4 5 6 7 9 11 13 | 13.5
Dodging        | 3 |  3.5
Armour         | 3 |  3.2
Fighting       | |  2.0
Throwing       | |  1.7

Action                   |  1- 3 |  4- 6 |  7- 9 | 10-12 || total
-------------------------+-------+-------+-------+-------++-------
Melee: Quarterstaff      |   107 |    32 |       |       ||   139
       Kick              |       |     4 |    30 |     2 ||    36
       Lajatang          |       |       |    83 |    11 ||    94
       Headbutt          |       |       |     7 |     2 ||     9
 Fire: Hand crossbow     |       |    37 |    34 |     6 ||    77
Invok: Recall Ancestor   |     1 |     1 |     2 |       ||     4
       Ancestor Life: Kn |     1 |       |       |       ||     1
  Use: Scroll            |     3 |     3 |     1 |       ||     7
       Potion            |       |       |     2 |       ||     2
 Stab: Distracted        |     1 |       |     2 |       ||     3
Armor: Leather armour    |    16 |       |       |       ||    16
       Ring mail         |    23 |       |       |       ||    23
       Chain mail        |     4 |    46 |    39 |     8 ||    97
Dodge: Dodged            |    53 |    19 |    53 |    18 ||   143
